Description

(3Hatch,Ling,Roach)

Build Order

Get SALT Encoding   

  12  0:00  Drone  
  13  0:12  Overlord  
  13  0:17  Drone  
  14  0:31  Drone x2  
  14  0:34  Drone  
  17  0:54  Hatchery  
  16  0:59  Drone  
  16  1:00  Drone  
  18  1:21  Hatchery  
  18  1:24  Drone  
  18  1:33  Extractor  
  18  1:39  Spawning Pool  
  16  1:41  Drone  
  16  1:44  Drone  
  18  1:47  Drone  
  18  1:52  Drone  
  20  2:04  Drone  
  20  2:06  Drone  
  22  2:13  Drone  
  23  2:17  Drone  
  24  2:24  Drone  
  24  2:26  Queen  
  27  2:32  Zergling x2, Queen  
  30  2:37  Metabolic Boost  
  30  2:44  Queen  
  30  2:50  Overlord  
  32  2:53  Drone  
  32  2:56  Extractor  
  32  3:02  Baneling Nest  
  32  3:09  Zergling x2  
  32  3:10  Drone x3  
  36  3:20  Drone x2  
  36  3:21  Zergling x2  
  39  3:29  Overlord, Zergling x2  
  39  3:32  Drone x2  
  42  3:45  Baneling x4  
  42  3:46  Baneling  
  42  3:48  Zergling x12  
  46  3:50  Zergling x2  
  46  3:53  Zergling x2  
  46  3:54  Zergling x2  
  50  4:00  Zergling x2  
  48  4:05  Zergling x2  
  48  4:07  Zergling x2  
  48  4:11  Zergling x2  
  48  4:15  Overlord  
  48  4:16  Zergling x2  
  49  4:24  Zergling x2  
  49  4:26  Overlord  
  49  4:28  Overlord  
  49  4:34  Zergling x2  
  50  4:39  Zergling x2  
  40  4:51  Roach Warren  
  38  4:53  Zergling x6  
  38  4:56  Zergling x16  
  38  4:58  Zergling x2  
  50  5:01  Zergling x2  
  50  5:02  Zergling x2  
  50  5:05  Zergling x2  
  53  5:16  Zergling x6  
  53  5:18  Zergling x2  
  53  5:19  Zergling x4  
  53  5:21  Zergling x2  
  60  5:23  Zergling x2  
  61  5:29  Zergling x2  
  61  5:30  Zergling x2  
  61  5:34  Zergling x4  
  61  5:35  Zergling x2  
  66  5:36  Zergling x2  
  66  5:38  Zergling x2  
  68  5:43  Zergling x4  
  68  5:47  Zergling x2  
  68  5:49  Zergling x4  
  68  5:52  Zergling x2  
  68  5:55  Zergling x2  
  68  5:56  Zergling x2  
  64  5:58  Zergling x2  
  64  6:00  Zergling x2  
  62  6:12  Zergling x10  
  62  6:15  Zergling x2  
  59  6:28  Zergling x2  
  59  6:29  Zergling x6  
  59  6:30  Zergling x2  
  59  6:32  Zergling x2  
  59  6:34  Zergling x2  
  54  6:40  Drone  
  55  7:01  Roach x5  
  65  7:02  Roach  
  65  7:04  Roach  
  65  7:06  Roach  
  67  7:15  Overlord  
  66  7:28  Roach x7  
  72  7:31  Roach  
  71  7:41  Roach x3  
  76  7:48  Overlord  
  75  7:58  Roach  
  77  8:05  Roach x2  
  81  8:09  Roach  
  81  8:10  Roach x3  
  81  8:11  Overlord  
  89  8:21  Overlord  
  89  8:22  Zergling x2  
  90  8:30  Zergling x6  
  90  8:32  Zergling x8  
  90  8:33  Zergling x2  
Spawning Tool Build Advisor. Get it on Overwolf

Analysis

(3Hatch,Ling,Roach)

Go to:

Details

  • Created by: DarkHeartz
  • Published on: Nov 08, 2016
  • Modified on: Nov 08, 2016
  • Patch: Pre-3.8.0
Show
View Real Time Build Order
Export as new Build Order

Comments (0)

There are no comments. Be the first!

Create an account to comment!